 Dungeon Crawl Stone Soup version 0.24-a0-778-g74da537585 (webtiles) character file.

Game seed: 14993574418911495508, levelgen mode: deterministic

919 MrRokkomies the Covert (level 7, 0/36 HPs)
             Began as a Vampire Enchanter on Oct 6, 2019.
             Was a Follower of Nemelex Xobeh.
             Killed by divine providence
             ... invoked by an orc priest
              (9 damage)
             ... on level 5 of the Dungeon on Oct 7, 2019.
             The game lasted 00:16:03 (4591 turns).

MrRokkomies the Covert (Vampire Enchanter)          Turns: 4591, Time: 00:16:04

Health: 0/36       AC:  4    Str:  7    XL:     7   Next: 83%
Magic:  10/10      EV: 13    Int: 19    God:    Nemelex Xobeh [*.....]
Gold:   144        SH:  0    Dex: 15    Spells: 2/10 levels left

rFire    + . .     SeeInvis +   a - +2 rapier (speed)
rCold    + + +     Gourm    .   (no shield)
rNeg     + + +     Faith    .   i - +1 robe
rPois    ∞         Spirit   .   j - +0 helmet
rElec    .         Reflect  .   f - scarf {rC+ rF+}
rCorr    .         Harm     .   (no gloves)
MR       .....                  (no boots)
Stlth    ++++++....             (no amulet)
HPRegen  0.00/turn              (no ring)
MPRegen  0.12/turn              (no ring)

@: bloodless, regenerating quickly
A: no food, fangs 3, see invisible, unbreathing
a: Bat Form, Revivify, Draw Escape, Draw Destruction, Draw Summoning, Renounce
Religion


You were on level 5 of the Dungeon.
You worshipped Nemelex Xobeh.
Nemelex Xobeh was aware of your devotion.
You were bloodless.

You visited 1 branch of the dungeon, and saw 5 of its levels.

You collected 254 gold pieces.
You spent 110 gold pieces at shops.

Inventory:

Hand Weapons
 a - a +2 rapier of speed (weapon)
 b - a +0 hunting sling
 u - a +2 dagger
Missiles
 c - 4 atropa-tipped darts (quivered)
 e - 129 stones
 g - 44 sling bullets
 r - 19 poisoned darts
Armour
 f - a scarf of resistance (worn)
 i - a +1 robe (worn)
 j - a +0 helmet (worn)
Jewellery
 s - an uncursed ring of fire
Wands
 k - a wand of paralysis (5)
 v - a wand of iceblast (8)
Scrolls
 h - 3 scrolls of enchant armour
 m - 4 scrolls of teleportation
 n - a scroll of enchant weapon
 q - 5 scrolls of remove curse
 w - a scroll of amnesia
Potions
 d - a potion of ambrosia {unknown}
 l - a potion of berserk rage {unknown}
 o - 2 potions of curing
 t - a potion of heal wounds


   Skills:
 * Level 6.9 Short Blades
 - Level 2.1 Dodging
 * Level 8.9 Stealth
 - Level 2.0 Spellcasting
 - Level 7.2 Hexes


You had 2 spell levels left.
You knew the following spells:

 Your Spells              Type           Power        Failure   Level  Hunger
a - Tukima's Dance        Hex            ####....     2%          3    N/A
b - Ensorcelled Hibernat  Hex/Ice        ###...       6%          2    N/A
c - Confuse               Hex            ####....     2%          3    N/A

Your spell library contained the following spells:

 Spells                   Type           Power        Failure   Level  Hunger
 Corona                   Hex            ####...      1%          1    N/A
 Dazzling Spray           Conj/Hex       ###...       12%         3    N/A

Dungeon Overview and Level Annotations

Branches:
Dungeon (5/15)             Temple (0/1) D:5

Altars:
Elyvilon
Fedhas
Nemelex Xobeh
Trog

Shops:
D:4 !:*!


Innate Abilities, Weirdness & Mutations

You do not eat.
You do not regenerate when monsters are visible.
You are frail without blood (-20% HP).
You are immune to poison.
You have razor-sharp teeth.
You have supernaturally acute eyesight. (SInv)
You can survive without breathing.


Message History

You are too injured to fight recklessly!
You are too injured to fight recklessly!
You are too injured to fight recklessly!
You are too injured to fight recklessly!
You barely miss the orc priest.
The orc priest is almost dead.
You hit the orc priest but do no damage.
The orc priest is almost dead.
The jackal barely misses you.
The orc priest hits you with a +0 hand axe.
You hit the orc priest.
You kill the orc priest!
The jackal bites you.
There are monsters nearby!
The jackal bites you.
* * * LOW HITPOINT WARNING * * *
The orc priest mumbles some strange prayers to Beogh against you.
Beogh smites you!
You die...
Your body disappears without a glow.

. § ............ §
#........... §
#........... §
#........... §
#........... §
#........... §
#...h.o.# § #.@..# .
###...## . #....#### .
##.......## .
##........... .
#...........# .
##..........[ #
##>.#.......#
########.##..##....#..#


You could see an orc priest and a jackal.

Vanquished Creatures
  An ice beast (D:5)
  A phantom (D:4)
  A necrophage (D:5)
  A howler monkey (D:4)
  A crimson imp (D:5)
  2 hounds
  An orc priest (D:5)
  2 centaur skeletons
  Jessica (D:2)
  An iguana (D:4)
  Natasha (thrice) (D:2)
  Terence (D:2)
  A worker ant (D:5)
  A hound zombie (D:5)
  A worker ant zombie (D:5)
  4 gnolls
  A howler monkey skeleton (D:5)
  2 adders
  An adder skeleton (D:5)
  An adder zombie (D:2)
  2 worms
  2 dart slugs (D:1)
  3 leopard geckos
  An orc (D:3)
  2 ball pythons
  3 bats (D:2)
  5 giant cockroaches
  5 goblins
  3 hobgoblins
  8 jackals
  8 kobolds
  4 quokkas
  6 frilled lizards
  6 rats
86 creatures vanquished.

Vanquished Creatures (collateral kills)
  An ogre (D:4)
  2 gnolls (D:3)
3 creatures vanquished.

Vanquished Creatures (others)
  5 toadstools (D:1)
5 creatures vanquished.

Grand Total: 94 creatures vanquished

Notes
Turn   | Place    | Note
-------+----------+-------------------------------------------
     0 | D:1      | MrRokkomies the Vampire Enchanter began the quest for the
                  | Orb.
     0 | D:1      | Reached XP level 1. HP: 13/13 MP: 3/3
   218 | D:1      | Reached XP level 2. HP: 15/15 MP: 5/5
   223 | D:1      | Learned a level 2 spell: Ensorcelled Hibernation
   308 | D:1      | Reached skill level 5 in Hexes
  1037 | D:2      | Found a bloodstained altar of Trog.
  1040 | D:2      | Noticed Terence
  1043 | D:2      | Noticed Jessica
  1045 | D:2      | Killed Terence
  1045 | D:2      | Reached XP level 3. HP: 19/19 MP: 6/6
  1070 | D:2      | Killed Jessica
  1070 | D:2      | Reached XP level 4. HP: 24/24 MP: 4/7
  1179 | D:2      | Found a white marble altar of Elyvilon.
  1395 | D:2      | Learned a level 3 spell: Tukima's Dance
  1716 | D:2      | Found a blossoming altar of Fedhas.
  1751 | D:2      | Noticed Natasha
  1754 | D:2      | Killed Natasha
  1804 | D:2      | Noticed Natasha
  1819 | D:2      | Killed Natasha
  1819 | D:2      | Reached XP level 5. HP: 28/28 MP: 1/8
  1884 | D:2      | Learned a level 3 spell: Confuse
  2049 | D:2      | Noticed Natasha
  2058 | D:2      | Killed Natasha
  2282 | D:3      | Found a sparkling altar of Nemelex Xobeh.
  2290 | D:3      | Became a worshipper of Nemelex Xobeh the Trickster
  2375 | D:3      | Received a gift from Nemelex Xobeh
  2803 | D:3      | Received a gift from Nemelex Xobeh
  2966 | D:4      | Found Uhyrecs's General Store.
  2991 | D:4      | Found Oloirpha's Distillery.
  2994 | D:4      | Bought a potion of heal wounds for 60 gold pieces
  2994 | D:4      | Bought a potion of curing for 36 gold pieces
  3019 | D:4      | Reached * piety under Nemelex Xobeh
  3032 | D:4      | Noticed a phantom
  3054 | D:4      | Killed a phantom
  3054 | D:4      | Reached skill level 5 in Short Blades
  3054 | D:4      | Reached skill level 5 in Stealth
  3054 | D:4      | Reached XP level 6. HP: 27/32 MP: 3/9
  3159 | D:4      | Reached skill level 6 in Stealth
  3264 | D:4      | Found Zenacw's Distillery.
  3272 | D:4      | Bought a potion of degeneration for 14 gold pieces
  3387 | D:4      | Reached XP level 7. HP: 22/36 MP: 6/10
  3553 | D:4      | Found Uhuaz's Book Shop.
  3815 | D:5      | Entered Level 5 of the Dungeon
  3821 | D:5      | Reached skill level 7 in Stealth
  4008 | D:5      | Found a staircase to the Ecumenical Temple.
  4046 | D:5      | Reached skill level 8 in Stealth
  4555 | D:5      | Upgraded the game from 0.24-a0-769-g368c1644f8 to
                  | 0.24-a0-778-g74da537585
  4591 | D:5      | Killed from afar by an orc priest

Levels and vault maps discovered:
D:1:      ldierk_walled_garden, layout_basic, minmay_misc_feat_plants
D:2:      layout_basic, old_standard_altar, nicolae_overflow_crystal_walls,
          elyvilon_altar_4, minmay_misc_feat_room, uniq_jessica, uniq_terence,
          uniq_natasha
D:3:      layout_basic, lemuel_crystal_altar
D:4:      layout_basic, serial_shops, kennysheep_mini_moat, kennysheep_mini,
          nicolae_shop_temple_entry_statues_fountains, shop_fountains,
          first_ration
D:5:      layout_cave_pools, minmay_temple_entry_grid, serial_shops,
          nicolae_shop_crystal, minmay_misc_feat_pillars, kennysheep_cross_room,
          chequers_serial_rivers_small_3, st_stairs_13

Skill      XL: |  1  2  3  4  5  6  7 |
---------------+----------------------+-----
Hexes          | 5 6 7 |  7.2
Short Blades   | 2 3 5 6 |  6.9
Stealth        | 5 6 8 |  8.9
Dodging        | |  2.1
Spellcasting   | |  2.0

Action                   |  1- 3 |  4- 6 |  7- 9 || total
-------------------------+-------+-------+-------++-------
Melee: Dagger            |    30 |   128 |       ||   158
       Bite              |     4 |    19 |     7 ||    30
       Rapier            |       |    67 |    89 ||   156
 Cast: Ensorcelled Hiber |     2 |    13 |     2 ||    17
       Confuse           |       |     3 |     7 ||    10
       Tukima's Dance    |       |     2 |     1 ||     3
 Abil: Exsanguinate      |     1 |       |       ||     1
  Use: Scroll            |     4 |     4 |     1 ||     9
 Stab: Sleeping          |    14 |    21 |     6 ||    41
       Confused          |       |     1 |     1 ||     2
Armor: Robe              |     1 |    39 |    18 ||    58
Dodge: Dodged            |     5 |    94 |    55 ||   154

Table legend:
 A = Non-vault XP
 B = Vault XP
 C = Vault XP percentage of total XP
 D = Non-vault monster count
 E = Vault monster count
 F = Vault count percentage of total count
                 A         B        C        D         E       F
            +---------+---------+-------+---------+---------+-------
      Total |    1209 |     104 |   7.9 |      86 |       3 |   3.4
            +---------+---------+-------+---------+---------+-------
        D:1 |      29 |       0 |   0.0 |      16 |       0 |   0.0
        D:2 |     108 |     104 |  49.1 |      20 |       3 |  13.0
        D:3 |      63 |       0 |   0.0 |      16 |       0 |   0.0
        D:4 |     441 |       0 |   0.0 |      15 |       0 |   0.0
        D:5 |     568 |       0 |   0.0 |      19 |       0 |   0.0
            +---------+---------+-------+---------+---------+-------
